 Dungeon Crawl Stone Soup version 0.29.1-1-gd02db6906a (webtiles) character file.

Game seed: 6845762500989772414

590 H0rd4k the Cudgeller (level 7, -1/53 HPs)
             Began as a Human Artificer on Sept 21, 2022.
             Slain by an iguana (8 damage)
             ... on level 5 of the Dungeon on Sept 22, 2022.
             The game lasted 00:06:10 (5609 turns).

H0rd4k the Cudgeller (Human Artificer)              Turns: 5609, Time: 00:06:11

Health: -1/53      AC:  4    Str: 12    XL:     7   Next: 66%
Magic:  9/9        EV: 12    Int: 14    God:
Gold:   202        SH:  0    Dex: 13    Spells: 9/9 levels left

rFire   . . .      SeeInvis .   a - +0 club
rCold   . . .      Faith    .   (no shield)
rNeg    . . .      Spirit   .   b - +0 leather armour
rPois   .          Reflect  .   (no helmet)
rElec   .          Harm     .   (no cloak)
rCorr   .          Rampage  .   (no gloves)
Will    .....                   r - +0 pair of boots
Stlth   +.........              (no amulet)
HPRegen 0.17/turn               (no ring)
MPRegen 0.11/turn               (no ring)

@: no status effects
A: no striking features
a: no special abilities


You were on level 5 of the Dungeon.
You visited 1 branch of the dungeon, and saw 5 of its levels.

You collected 202 gold pieces.

Inventory:

Hand Weapons
 a - a +0 club (weapon)
Missiles
 e - 4 poisoned darts
Armour
 b - a +0 leather armour (worn)
 r - a +0 pair of boots (worn)
Magical Staves
 g - a staff of earth
 m - a staff of air
Wands
 c - a wand of flame (17) (quivered)
Scrolls
 i - a scroll of silence {unknown}
 j - a scroll of noise
 l - 2 scrolls of teleportation {unknown}
 n - a scroll of amnesia {unknown}
 t - 5 scrolls of identify {unknown}
 v - a scroll of poison {unknown}
Potions
 f - a potion of lignification {unknown}
 h - 2 potions of flight {unknown}
 o - a potion of magic {unknown}
 p - 2 potions of invisibility {unknown}
 q - a potion of curing
 s - a potion of resistance {unknown}
 u - a potion of brilliance {unknown}
 w - 2 potions of mutation {unknown}


   Skills:
 + Level 3.6 Fighting
 + Level 4.6 Maces & Flails
 - Level 2.0 Armour
 + Level 4.0 Dodging
 - Level 1.0 Stealth
 * Level 1.8 Spellcasting
 - Level 3.0 Evocations


You had 9 spell levels left.
You didn't know any spells.
Your spell library contained the following spells:

 Spells                   Type           Power      Damage    Failure   Level
 Slow                     Hex            4%         N/A       30%         1
 Ensorcelled Hibernation  Hex/Ice        2%         N/A       43%         2
 Passwall                 Tmut/Erth      0%         N/A       43%         2
 Confusing Touch          Hex            1%         N/A       67%         3
 Portal Projectile        Hex/Tloc       2%         N/A       67%         3
 Swiftness                Air            1%         N/A       67%         3
 Tukima's Dance           Hex            1%         N/A       67%         3
 Vampiric Draining        Necr           1%         2d6       67%         3
 Blade Hands              Tmut           0%         N/A       100%        5
 Iskenderun's Battlesphe  Conj           1%         2d6       100%        5
 Iron Shot                Conj/Erth      0%         9d1       100%        6
 Spellforged Servitor     Conj/Summ      0%         N/A       100%        7


Dungeon Overview and Level Annotations

Branches:
Dungeon (5/15)             Temple (0/1) D:4

Altars:
Qazlal
Wu Jian

Annotations:
D:4 2 transporters, exclusion: 2 downstairs, RKaid's ghost, amateur TeHu


Message History

g - Guard the area. f - Follow me.
Anything else - Cancel.
Guard this area!
The hound bites you but does no damage.
The iguana closely misses your howler monkey.
Your howler monkey hits the hound.
You swap places.
The hound bites your necrophage.
The scorpion barely misses something.
Your necrophage barely misses the hound.
The hound barely misses your necrophage.
Something bites your necrophage but does no damage.
You see here a +0 robe.
Found a +0 dagger.
The orc wizard shouts!
The orc wizard barely misses you.
The orc wizard gestures at you while chanting.
The magic dart hits you!
Found a stone staircase leading up.
The orc wizard casts a spell.
The orc wizard flickers and vanishes!
Deactivating autopickup; reactivate with Ctrl-A.
A magic dart appears from out of thin air!
The magic dart hits you!
Found a book of Burglary. 2 iguanas come into view.
The iguana hisses angrily.
The iguana hisses angrily.
A magic dart appears from out of thin air!
The magic dart hits you.
* * * LOW HITPOINT WARNING * * *
You see here a book of Burglary.
You pick up a book of Burglary and begin reading...
You add the spells Passwall, Ensorcelled Hibernation and Swiftness to your library.
Something tries to affect you, but you resist.
Okay, then.
Found an orange potion.
The iguana misses you.
Found 2 gold pieces.
The iguana closely misses you. x2
The iguana attacks as you move away! The iguana bites you!
* * * LOW HITPOINT WARNING * * *
Found a stone staircase leading down.
The iguana bites you!
You die...

.# .# S# #### .# #...
.# W #...### .# #.#####
##...... .# #......
........ .# #>.....###
#...... ## #####.@.##
#...... .
#.....ll.########...#..
# ................####
#†# #........######..#
#.# #........# ##.##
##'# #........# #..#
... #........#
##{###<.. #$!......#
#...#... .########
###.##.#


You could see a phantom (wandering) and 2 iguanas.

Vanquished Creatures
  Sigmund (D:4)
  Menkaure (D:4)
  Blork the orc (D:4)
  A scorpion (D:4)
  2 hounds
  2 adders (D:3)
  A white imp (D:5)
  An ufetubus (D:5)
  2 worms (D:2)
  2 dart slugs (D:1)
  2 endoplasms
  3 giant cockroaches
  A goblin (D:2)
  5 hobgoblins
  9 jackals
  5 quokkas
  5 ball pythons
  7 bats
  6 frilled lizards
  2 kobolds
  4 rats
63 creatures vanquished.

Vanquished Creatures (collateral kills)
  An orc wizard (D:5)
  An orc (D:5)
  A giant cockroach (D:3)
  A jackal (D:5)
4 creatures vanquished.

Vanquished Creatures (others)
  A jelly (D:4)
  An orc wizard (D:5)
  An adder (D:5)
  An orc (D:5)
  A hobgoblin (D:3)
  A quokka (D:5)
6 creatures vanquished.

Grand Total: 73 creatures vanquished

Notes
Turn   | Place    | Note
-------+----------+-------------------------------------------
     0 | D:1      | H0rd4k the Human Artificer began the quest for the Orb.
     0 | D:1      | Reached XP level 1. HP: 15/15 MP: 1/1
   478 | D:1      | Reached XP level 2. HP: 21/21 MP: 2/2
  1236 | D:1      | Reached skill level 1 in Maces & Flails
  1236 | D:1      | Reached XP level 3. HP: 26/26 MP: 3/3
  2738 | D:2      | Reached XP level 4. HP: 27/33 MP: 4/4
  2834 | D:2      | Found a faded altar of an unknown god.
  3006 | D:2      | You fall into a shaft and drop 2 floors!
  3022 | D:4      | Noticed Menkaure
  3037 | D:4      | Killed Menkaure
  3038 | D:4      | Reached XP level 5. HP: 22/39 MP: 5/5
  3470 | D:3      | Reached XP level 6. HP: 31/46 MP: 6/6
  4379 | D:4      | Noticed Blork the orc
  4383 | D:4      | Killed Blork the orc
  4465 | D:4      | Found a transporter.
  4474 | D:4      | Noticed RKaid's ghost (amateur TeHu)
  4622 | D:4      | Found a staircase to the Ecumenical Temple.
  4686 | D:4      | Noticed Sigmund
  4691 | D:4      | Killed Sigmund
  4692 | D:4      | Reached skill level 1 in Spellcasting
  4692 | D:4      | Reached XP level 7. HP: 52/52 MP: 7/9
  5039 | D:4      | Found an ornate altar of the Wu Jian Council.
  5081 | D:4      | Found a transporter.
  5144 | D:5      | Entered Level 5 of the Dungeon
  5336 | D:5      | Found a stormy altar of Qazlal.
  5442 | D:5      | Noticed a water moccasin
  5609 | D:5      | Slain by an iguana

Illustrated notes

Levels and vault maps discovered:
D:1:      zelgadis_glass_arrival_small, layout_basic
D:2:      layout_basic, basic_ecumenical_altar
D:3:      layout_rooms
D:4:      layout_basic, marbit_many_paths, minmay_temple_entry_overgrown,
          gammafunk_ghost_stat_death, minivault_27, bh_walls_and_bars,
          uniq_blork_the_orc, uniq_sigmund, uniq_menkaure
D:5:      minmay_razor_zed, layout_basic, nicolae_qazlal_general_emergency,
          uniq_ijyb

Skill      XL: |  1  2  3  4  5  6  7 |
---------------+----------------------+-----
Maces & Flails | 1 3 4 |  4.6
Dodging        | 2 3 4 |  4.0
Fighting       | 2 3 |  3.6
Spellcasting   | 1 |  1.8
Armour         | |  2.0
Stealth        | |  1.0
Evocations     | |  3.0

Action                   |  1- 3 |  4- 6 |  7- 9 || total
-------------------------+-------+-------+-------++-------
Melee: Club              |   187 |   102 |    45 ||   334
       Punch             |     1 |       |     1 ||     2
Evoke: Wand              |     6 |    17 |    21 ||    44
  Use: Scroll            |       |       |     2 ||     2
 Stab: Sleeping          |     4 |     2 |       ||     6
Armor: Leather armour    |    61 |    28 |    18 ||   107
Dodge: Dodged            |   137 |   110 |    55 ||   302
